Map: Lost and Found LE

Players

Optimus - Winner!

  • Race: Terran Terran
  • League: Master
  • Spawn Location: 1:00

LiquidTLO (TLO)

  • Race: Zerg Zerg
  • League: Grandmaster
  • Spawn Location: 7:00

Event: HomeStory Cup XVII

VOD

Have the link to the VOD?

Description

Time

  • Played on: June 28, 2018, 5:57 p.m.
  • Length: 18:57

All games in this series

Show
View Real Time Build Order
Export as new Build Order

Optimus Terran - Winner!

Build Orders: Reaper Expand, Bio Tank 

Get SALT Encoding   

  12  0:00  SCV  
  13  0:13  SCV  
  14  0:17  Supply Depot  
  14  0:25  SCV  
  15  0:38  SCV  
  15  0:40  Barracks  
  16  0:44  Refinery  
  16  0:50  SCV  
  17  1:02  SCV  
  18  1:15  SCV  
  19  1:27  Orbital Command, Reaper  
  20  1:38  Command Center  
  20  1:46  Supply Depot  
  20  1:52  SCV  
  21  1:58  Marine  
  22  2:03  Factory  
  22  2:07  SCV  
  23  2:12  Refinery  
  23  2:19  SCV  
  23  2:20  Barracks Reactor  
  24  2:31  SCV  
  24  2:43  SCV  
  24  2:53  Starport  
  24  2:55  SCV  
  24  2:58  Marine x2  
  25  3:00  Hellion  
  29  3:07  SCV  
  29  3:19  Marine  
  31  3:21  Marine  
  31  3:23  Orbital Command  
  31  3:25  Cyclone  
  34  3:28  SCV  
  34  3:30  Medivac  
  37  3:40  SCV, Marine x2  
  40  3:50  SCV  
  40  3:52  SCV  
  40  3:54  Supply Depot  
  42  3:57  Factory Tech Lab  
  42  3:58  Marine x2  
  44  4:03  SCV  
  44  4:04  SCV  
  46  4:15  SCV  
  46  4:16  SCV  
  46  4:17  Supply Depot, Marine x2  
  49  4:24  Supply Depot  
  49  4:25  Raven  
  49  4:27  SCV  
  49  4:28  SCV  
  53  4:35  Marine  
  54  4:42  Command Center  
  54  4:46  SCV x2, Marine  
  54  4:52  Factory Tech Lab  
  57  4:53  Supply Depot  
  57  4:58  SCV  
  46  5:07  SCV  
  46  5:10  SCV, Barracks x2  
  46  5:11  Siege Tank  
  46  5:13  Stimpack  
  46  5:14  Marine  
  51  5:20  Refinery  
  52  5:21  SCV  
  52  5:24  Starport Reactor  
  52  5:25  SCV  
  54  5:32  Marine  
  54  5:34  SCV  
  56  5:37  SCV  
  56  5:40  Refinery  
  57  5:43  Siege Tank  
  57  5:46  SCV  
  57  5:49  SCV, Marine  
  62  5:57  Orbital Command  
  62  5:58  SCV  
  62  6:01  Bunker  
  62  6:02  SCV  
  64  6:07  Marine  
  64  6:09  Supply Depot  
  64  6:10  Engineering Bay, Supply Depot, SCV  
  64  6:11  Engineering Bay  
  66  6:14  Starport Reactor, SCV  
  66  6:16  Supply Depot  
  67  6:22  SCV x2  
  69  6:30  Marine x3  
  69  6:31  Siege Tank, SCV  
  76  6:35  Marine x2  
  76  6:37  SCV x2  
  80  6:45  Orbital Command  
  78  6:47  Terran Infantry Weapons Level 1, Terran Infantry Armor Level 1  
  78  6:48  Marine  
  78  6:49  Barracks  
  78  6:50  Barracks  
  78  6:53  SCV  
  78  6:54  SCV  
  81  6:55  Marine x3  
  81  6:56  Marine  
  85  7:02  Medivac  
  85  7:03  Siege Tank, Medivac  
  85  7:05  SCV  
  93  7:10  Supply Depot  
  93  7:13  SCV x2  
  95  7:18  Supply Depot, SCV  
  95  7:19  Combat Shield  
  95  7:21  Supply Depot  
  96  7:25  Supply Depot, SCV x2  
  96  7:26  Marine x3  
  96  7:27  Supply Depot  
  101  7:31  SCV, Marine  
  101  7:32  Marine  
  101  7:34  Medivac x2  
  108  7:42  Siege Tank  
  108  7:43  SCV  
  108  7:44  SCV x2  
  114  7:45  Refinery  
  114  7:46  Supply Depot  
  114  7:47  Refinery, Barracks Reactor  
  114  7:51  Barracks Reactor  
  114  7:52  Marine x5  
  119  8:06  Factory  
  119  8:10  Marine x5  
  124  8:14  Siege Tank  
  124  8:18  SCV  
  124  8:19  SCV  
  133  8:28  Marine x2  
  133  8:31  Armory  
  133  8:32  Supply Depot, Marine x7  
  138  8:41  Medivac x2  
  142  8:45  Marine  
  142  8:46  Siege Tank, Marine  
  147  8:50  Marine x3, Command Center  
  147  8:52  Factory Tech Lab  
  147  8:53  Marine  
  150  8:56  Supply Depot  
  150  8:59  Supply Depot  
  150  9:15  Marine x9  
  161  9:19  Thor x2  
  170  9:27  Missile Turret x2  
  170  9:28  Missile Turret  
  170  9:30  Missile Turret  
  170  9:32  Missile Turret  
  170  9:33  Marine x2  
  170  9:34  Missile Turret  
  172  9:42  Liberator x2  
  172  9:47  Terran Infantry Armor Level 2, Terran Infantry Weapons Level 2  
  163  10:03  Siege Tank  
  172  10:09  Siege Tank  
  172  10:11  Marine x9  
  181  10:22  Terran Vehicle Weapons Level 1  
  181  10:28  Marine  
  181  10:29  Marine x6  
  181  10:35  Siege Tank  
  191  10:37  Missile Turret  
  191  10:41  Siege Tank  
  191  10:42  Marine  
  195  10:58  Supply Depot  
  195  11:02  Liberator x2  
  195  11:04  Ghost Academy, Barracks  
  195  11:05  Barracks  
  195  11:08  Command Center  
  200  11:33  Personal Cloaking  
  200  11:36  Concussive Shells  
  198  11:57  Ghost  
  198  11:58  Barracks Tech Lab x2  
  198  11:59  Planetary Fortress  
  200  12:03  Refinery x2  
  200  12:06  Command Center  
  200  12:13  Thor x2  
  200  12:15  Barracks Tech Lab  
  200  12:16  Barracks Tech Lab  
  200  12:21  Ghost x2  
  195  12:24  Orbital Command  
  195  12:27  Ghost  
  194  12:35  Marine  
  194  12:36  Siege Tank, Liberator x2, Marine x5  
  161  12:49  Ghost  
  161  12:50  Marine  
  164  12:53  Marine x3, Ghost x2  
  164  12:56  Ghost  
  180  12:58  SCV x2  
  180  13:02  Marine  
  182  13:06  Nuke  
  182  13:07  SCV x2, Ghost  
  182  13:11  Marine x3  
  182  13:12  Command Center  
  189  13:18  Ghost  
  189  13:19  Marine  
  184  13:22  Ghost  
  184  13:26  Ghost x2  
  169  13:33  Unknown  
  169  13:36  Ghost  
  170  13:41  Marine x4  
  170  13:46  Ghost  
  176  13:50  Ghost  
  176  13:54  Marine x2  
  180  13:59  Marine  
  166  14:05  Marauder  
  166  14:07  Marine x3  
  164  14:12  Ghost  
  164  14:13  Marauder  
  164  14:15  Ghost  
  164  14:17  Marine  
  170  14:19  Ghost  
  173  14:24  Siege Tank  
  173  14:25  Marine x3  
  173  14:26  Marine  
  171  14:33  Ghost  
  171  14:34  Marine  
  171  14:39  Orbital Command  
  171  14:40  Ghost  
  171  14:43  Marine x2, Ghost x2  
  179  14:47  Ghost  
  181  14:58  Missile Turret  
  181  14:59  Orbital Command  
  181  15:02  Ghost  
  181  15:03  SCV x3  
  177  15:09  Ghost  
  177  15:11  SCV  
  177  15:12  Ghost  
  173  15:18  SCV x2  
  173  15:19  SCV  
  172  15:24  Marine  
  172  15:25  Marine x3  
  172  15:27  SCV  
  177  15:33  Planetary Fortress  
  177  15:45  Sensor Tower  
  177  15:51  Ghost  
  177  15:55  SCV x2  
  185  16:01  Siege Tank  
  190  16:07  Terran Infantry Armor Level 3, Terran Infantry Weapons Level 3  
  184  16:11  Medivac x2  
  188  16:22  Marauder x2  
  191  16:28  Marine  
  191  16:29  Marauder x2  
  191  16:31  Liberator x2  
  196  16:34  Unknown x2, Ghost  
  196  16:39  Ghost Academy  
  198  16:41  Ghost Academy  
  198  16:43  Ghost  
  196  17:01  Unknown  
  196  17:07  Marine  
  196  17:08  Marine x3  
  200  17:14  Liberator x2  
  200  17:15  Command Center  
  200  17:16  Command Center  
  196  17:35  Marine x7  
  169  17:39  Ghost x2  
  163  17:51  Siege Tank  
  163  17:53  Marine x4  
  163  17:56  Liberator, Marine x3  
  163  17:57  Liberator  
  150  18:07  Ghost  
  150  18:08  Marine  
  150  18:10  Marine  
  150  18:11  Marine x3  
  147  18:19  Marine x3  
  141  18:25  Marine  
  140  18:28  Marine x3  
Show
View Real Time Build Order
Export as new Build Order

LiquidTLO Zerg 

Build Orders: Pool First, Muta Ling Bane 

Get SALT Encoding   

  12  0:00  Drone  
  13  0:08  Drone  
  14  0:16  Overlord  
  14  0:35  Drone x2  
  16  0:40  Spawning Pool  
  15  0:43  Drone  
  16  0:50  Drone  
  17  1:09  Hatchery  
  16  1:12  Drone  
  17  1:26  Zergling x4  
  17  1:28  Zergling x2  
  17  1:31  Queen  
  22  1:39  Overlord  
  22  1:40  Extractor  
  21  1:53  Drone  
  22  2:02  Drone  
  22  2:07  Queen  
  25  2:14  Drone  
  26  2:21  Queen  
  28  2:23  Drone  
  28  2:24  Drone  
  30  2:32  Drone  
  30  2:33  Drone  
  31  2:40  Overlord, Drone  
  31  2:41  Drone  
  31  2:43  Metabolic Boost  
  32  2:49  Drone  
  32  2:50  Drone  
  34  2:57  Overlord, Drone  
  35  3:04  Drone  
  36  3:08  Drone  
  37  3:18  Drone x2  
  37  3:19  Drone  
  39  3:23  Hatchery  
  39  3:24  Zergling x2  
  39  3:26  Zergling x2  
  40  3:29  Drone  
  40  3:34  Zergling x2  
  42  3:38  Overlord, Drone  
  43  3:41  Drone  
  43  3:42  Drone  
  45  3:50  Overlord  
  45  3:51  Drone  
  45  3:53  Drone  
  45  3:54  Drone  
  48  3:56  Zergling x2, Roach Warren  
  48  3:58  Zergling x2  
  48  4:02  Drone  
  50  4:04  Pneumatized Carapace  
  50  4:05  Drone  
  50  4:07  Extractor  
  50  4:10  Queen  
  50  4:12  Drone  
  50  4:14  Drone x2  
  55  4:19  Overlord  
  55  4:20  Overlord  
  55  4:23  Zergling x2  
  56  4:25  Overlord  
  56  4:30  Extractor  
  56  4:31  Overlord  
  55  4:33  Zergling x2  
  55  4:38  Roach x3  
  62  4:43  Roach  
  62  4:44  Roach x2  
  65  4:49  Drone x2  
  65  4:52  Spore Crawler  
  66  4:53  Spore Crawler  
  66  4:59  Drone  
  66  5:02  Drone  
  66  5:03  Zergling x2  
  66  5:04  Drone  
  66  5:05  Drone  
  66  5:06  Spore Crawler, Drone x2  
  69  5:09  Drone  
  69  5:11  Drone  
  69  5:12  Drone  
  72  5:18  Roach  
  72  5:20  Roach  
  72  5:21  Roach x2  
  80  5:23  Roach  
  80  5:25  Drone  
  80  5:26  Drone  
  80  5:28  Drone x2  
  86  5:31  Drone  
  86  5:33  Drone  
  87  5:36  Ravager  
  87  5:37  Ravager  
  87  5:39  Drone  
  90  5:55  Extractor  
  90  5:56  Extractor, Lair  
  88  6:00  Extractor, Evolution Chamber  
  88  6:01  Drone x4, Evolution Chamber  
  88  6:02  Drone  
  90  6:09  Hatchery  
  90  6:11  Drone  
  90  6:18  Overlord x2  
  90  6:29  Zerg Ground Armor Level 1  
  90  6:31  Zerg Melee Weapons Level 1  
  90  6:35  Hatchery  
  89  6:43  Drone x9  
  89  6:45  Drone  
  99  6:49  Drone  
  99  6:50  Drone  
  99  6:51  Baneling Nest, Drone  
  99  6:52  Drone  
  99  6:53  Drone x2  
  104  6:59  Spire  
  103  7:03  Drone x3  
  103  7:06  Overlord  
  103  7:08  Overlord  
  106  7:11  Overlord  
  106  7:12  Overlord  
  106  7:16  Overlord  
  106  7:18  Extractor  
  106  7:19  Overlord, Drone  
  106  7:22  Overlord  
  106  7:23  Drone x3  
  106  7:24  Ravager  
  106  7:25  Zergling x2, Ravager x2  
  106  7:28  Zergling x2  
  114  7:33  Zergling x2  
  114  7:34  Centrifical Hooks  
  114  7:36  Queen  
  117  7:37  Zergling x2  
  117  7:38  Zergling x4  
  117  7:40  Zergling x4  
  117  7:41  Zergling x2  
  117  7:43  Zergling x2  
  124  7:44  Zergling x2  
  124  7:45  Drone x3, Zergling x2  
  124  7:47  Zergling x2  
  124  7:48  Zergling x2  
  124  7:49  Zergling x2  
  124  7:50  Zergling x2  
  134  7:51  Zergling x2  
  134  7:52  Baneling x3  
  134  7:53  Baneling  
  134  7:54  Zergling x2  
  134  7:55  Zergling x2  
  134  7:57  Zergling x2  
  137  7:59  Zergling x2  
  137  8:01  Zergling x2  
  137  8:03  Zergling x4  
  141  8:05  Zergling x2  
  141  8:07  Overlord, Spore Crawler, Zergling x2  
  141  8:08  Overlord  
  141  8:09  Zergling x2  
  141  8:10  Zergling x2, Queen  
  146  8:14  Zerg Flyer Weapons Level 1  
  146  8:15  Zergling x2  
  146  8:16  Zergling x2  
  146  8:18  Zergling x4  
  146  8:19  Zergling x2  
  149  8:24  Overlord, Zergling x2  
  149  8:25  Baneling x2  
  149  8:26  Baneling x2, Overlord x2  
  149  8:27  Overlord  
  150  8:34  Zerg Ground Armor Level 2, Zerg Melee Weapons Level 2  
  150  8:35  Overlord  
  150  8:37  Baneling x3  
  150  8:38  Overlord  
  146  8:41  Mutalisk  
  146  8:43  Mutalisk x2  
  146  8:45  Mutalisk  
  146  8:46  Mutalisk  
  156  8:49  Mutalisk  
  156  8:51  Mutalisk  
  156  8:52  Mutalisk  
  156  8:53  Baneling  
  156  8:54  Baneling  
  160  8:56  Mutalisk  
  160  8:57  Zergling x4  
  160  8:58  Zergling x2  
  160  9:01  Mutalisk  
  167  9:03  Zergling x6  
  167  9:04  Zergling x2  
  167  9:06  Zergling x2  
  172  9:11  Zergling x12  
  172  9:12  Mutalisk  
  172  9:15  Mutalisk  
  181  9:19  Baneling x5  
  181  9:21  Zergling x6  
  181  9:22  Zergling x2  
  181  9:23  Zergling x2  
  186  9:27  Infestation Pit  
  186  9:30  Zergling x2  
  186  9:32  Zergling x2  
  186  9:33  Zergling x16  
  186  9:35  Mutalisk  
  186  9:36  Zergling x2  
  186  9:37  Zergling x2  
  199  9:41  Mutalisk  
  199  9:44  Zergling x2  
  199  9:46  Overlord  
  199  9:51  Baneling x3  
  199  9:58  Zergling x2  
  199  9:59  Zergling x14  
  176  10:04  Baneling  
  176  10:06  Zergling x4  
  178  10:08  Hive  
  178  10:09  Drone  
  178  10:10  Zergling x4  
  178  10:12  Extractor  
  178  10:13  Infestor x2  
  184  10:14  Zergling x2  
  184  10:15  Zergling x4  
  184  10:17  Zergling x2  
  184  10:18  Zergling x2  
  189  10:27  Baneling x7, Zergling x2  
  189  10:28  Zergling x8  
  194  10:31  Hatchery, Zergling x2  
  194  10:32  Zergling x4  
  194  10:34  Zergling x2  
  194  10:35  Zergling x2  
  198  10:37  Zergling x2  
  198  10:39  Overlord  
  199  10:45  Overseer  
  198  10:50  Overlord  
  198  10:53  Overlord  
  198  10:55  Nydus Network  
  193  10:57  Overlord  
  179  11:12  Zergling x4  
  179  11:18  Zergling x6  
  176  11:19  Zergling x2  
  176  11:20  Zergling x2  
  176  11:22  Zerg Ground Armor Level 3, Zerg Melee Weapons Level 3  
  176  11:24  Adrenal Glands  
  176  11:25  Zergling x2  
  180  11:26  Ultralisk Cavern  
  180  11:27  Zergling x26  
  180  11:28  Zergling x2  
  180  11:30  Zergling x2  
  180  11:31  Zergling x4  
  180  11:32  Zergling x2  
  197  11:33  Zergling x2  
  197  11:34  Zergling x2  
  197  11:37  Zergling x2, Nydus Canal  
  198  11:48  Zergling x2  
  199  11:57  Greater Spire  
  197  12:03  Nydus Canal  
  197  12:07  Overseer  
  197  12:09  Zergling x2  
  197  12:12  Zergling x2  
  197  12:13  Zergling x2  
  197  12:14  Zergling x2  
  197  12:16  Zergling x4  
  197  12:18  Zergling x6  
  197  12:19  Zergling x2  
  197  12:20  Zergling x6  
  193  12:28  Nydus Canal  
  193  12:29  Chitinous Plating  
  191  12:30  Ultralisk  
  191  12:31  Ultralisk  
  191  12:36  Zergling x2  
  191  12:37  Zergling x18  
  178  12:38  Zergling x2  
  178  12:43  Ultralisk  
  186  12:44  Ultralisk  
  186  12:45  Zergling x10  
  186  12:48  Zergling x2  
  186  12:49  Drone  
  199  12:57  Baneling x6  
  199  13:00  Nydus Canal  
  199  13:08  Overlord  
  199  13:09  Overseer x3  
  199  13:14  Zergling x2  
  199  13:17  Hatchery  
  187  13:21  Ultralisk  
  187  13:23  Zergling x2  
  187  13:24  Zergling x4  
  187  13:25  Zergling x2  
  187  13:26  Ultralisk  
  187  13:33  Zergling x24  
  198  13:42  Spine Crawler, Zergling x2  
  198  13:43  Zergling x2  
  198  13:44  Spine Crawler  
  198  13:45  Nydus Canal  
  198  13:46  Spine Crawler  
  198  13:47  Spine Crawler  
  189  13:57  Zergling x2  
  189  13:58  Ultralisk  
  189  13:59  Ultralisk  
  189  14:00  Zergling x2  
  189  14:01  Zergling x12  
  198  14:05  Zergling x2  
  198  14:07  Zergling x2  
  198  14:08  Zergling x4  
  198  14:09  Zergling x4  
  191  14:10  Zergling x8  
  191  14:16  Zergling x4  
  190  14:17  Drone x2  
  190  14:18  Drone  
  190  14:21  Baneling  
  176  14:31  Zergling x4  
  176  14:33  Zergling x4  
  176  14:34  Drone  
  176  14:35  Drone x4  
  176  14:36  Drone  
  170  14:40  Drone x2  
  170  14:43  Drone  
  173  14:49  Drone  
  173  14:52  Zergling x2, Drone x3  
  178  14:53  Drone  
  170  15:00  Drone  
  170  15:02  Drone x2  
  170  15:03  Drone  
  170  15:04  Drone  
  170  15:06  Drone  
  159  15:07  Drone  
  159  15:09  Drone  
  159  15:13  Drone  
  140  15:16  Drone  
  140  15:21  Zergling x2  
  129  15:23  Zergling x2  
  129  15:24  Zergling x6  
  129  15:26  Zerg Missile Weapons Level 1  
  129  15:27  Zerg Flyer Armor Level 1  
  133  15:30  Queen x3  
  133  15:31  Pathogen Glands  
  139  15:37  Baneling x2  
  139  15:38  Baneling  
  139  15:39  Hatchery  
  139  15:40  Zergling x4  
  139  15:42  Zergling x2  
  141  15:43  Zergling x4  
  141  15:45  Zergling x2  
  141  15:46  Baneling x3  
  141  15:47  Zergling x2  
  141  15:48  Zergling x2  
  146  15:51  Extractor  
  146  15:53  Corruptor x2  
  146  15:54  Corruptor  
  151  15:58  Corruptor  
  151  15:59  Zergling x2  
  151  16:00  Zergling x6  
  151  16:02  Nydus Canal  
  151  16:03  Zergling x4  
  159  16:05  Drone x2  
  159  16:09  Corruptor x2  
  165  16:16  Infestor x4  
  170  16:19  Zergling x2  
  170  16:22  Zergling x4  
  170  16:25  Overlord  
  170  16:26  Zergling x2  
  169  16:33  Corruptor x2  
  169  16:34  Corruptor  
  169  16:37  Zergling x2  
  169  16:38  Zergling x2  
  169  16:39  Zergling x4  
  179  16:43  Brood Lord x3  
  179  16:45  Zergling x2, Extractor, Drone  
  186  16:47  Extractor  
  186  16:48  Spore Crawler  
  186  16:50  Zergling x4  
  186  16:53  Spore Crawler  
  185  16:55  Zergling x2  
  185  16:56  Spore Crawler, Zergling x2  
  185  16:58  Zergling x6  
  185  16:59  Zergling x2  
  190  17:02  Zergling x2  
  190  17:03  Hatchery, Zergling x2  
  190  17:05  Baneling x5  
  191  17:11  Brood Lord x2  
  193  17:17  Zergling x8  
  193  17:20  Zergling x6  
  193  17:21  Overseer  
  195  17:23  Zergling x4  
  195  17:24  Zergling x4  
  195  17:29  Zergling x2  
  185  17:30  Zergling x2  
  185  17:32  Zergling x2  
  185  17:33  Zergling x16  
  185  17:34  Zergling x2  
  185  17:35  Zergling x2  
  151  17:37  Zergling x2  
  151  17:42  Zergling x2  
  151  17:43  Overseer  
  134  17:48  Zergling x2  
  117  17:52  Zergling x4  
  116  18:02  Zergling x2  
  116  18:03  Zergling x4  
  116  18:05  Zergling x6  
  108  18:15  Zergling x20  
  108  18:16  Queen  
  108  18:23  Baneling x4  
  108  18:26  Baneling x4  
Tags
 
Add a new tag
Caveats
  • Supply blocks, unpowered buildings, or Contaminate may cause inaccurate times.
  • Supply counts are checked every 10 seconds.